Bears vs Thunderbirds

Created - 3 mai 2024 at 03:55

Goals
1 2 3 T
Bears 1 0 2 3
Thunderbirds 0 1 1 2
Shots
1 2 3 T
Bears 10 6 8 24
Thunderbirds 9 13 16 38

1st period

1. Bears , Kent Johnson 4 (Jake Sanderson 2, Matty Beniers 3) at 3:07

Penalties :
Simon Nemec (THU) for Slashing (Minor) at 4:22, Riley Stillman (BEA) for Elbowing (Minor) at 7:48

2nd period

2. Thunderbirds , Cal Foote 2 (Max Comtois 1, Lukas Rousek 4) at 16:00

Penalties :
Austin Wagner (THU) for Roughing (Minor) at 14:59, Ty Smith (BEA) for Holding (Minor) at 14:59

3rd period

3. Thunderbirds , Klim Kostin 1 (Erik Brannstrom 7, Linden Vey 2) at 0:55
4. Bears , Juuso Valimaki 2 (Riley Stillman 5, Kent Johnson 4) at 15:42 (PP)
5. Bears , Ty Dellandrea 2 (Zac Jones 4) at 16:08

Penalties :
Riley Stillman (BEA) for High sticking (Minor) at 1:38, Jordan Spence (BEA) for Holding (Minor) at 8:51, Simon Nemec (THU) for Hooking (Minor) at 15:20

Goalie Stats

Laurent Brossoit (BEA), 36 saves from 38 shots - (0,947), W, 6-1-0, 60:00 minutes
Michael Hutchinson (THU), 21 saves from 24 shots - (0,875), L, 5-3-0, 59:31 minutes

Players Stats for Bears

Player Name              G  A  P  +/- PIM S  H  SB GA TA FO     MP     PP MP  PK MP  
------------------------------------------------------------------------------------
Boris Katchouk           0  0  0   0  0   0  2  0  0  0  0/0     5:44   0:00   0:00 
Jake Sanderson           0  1  1   1  0   0  1  1  0  0  0/0    17:30   0:00   3:23 
Jimmy Vesey              0  0  0   1  0   4  1  0  0  0  0/3    20:34   0:42   2:00 
Jiri Kulich              0  0  0   0  0   1  1  1  0  0  1/7     5:44   0:00   0:00 
Joe Veleno               0  0  0   0  0   0  0  0  0  0  1/2     9:56   0:00   0:00 
Jordan Spence            0  0  0   1  2   0  2  0  0  0  0/0    13:42   0:00   0:00 
Juuso Valimaki           1  0  1  -2  0   2  1  2  0  0  0/0    24:05   1:39   4:08 
Kent Johnson             1  1  2   1  0   4  0  0  0  0  0/2    19:55   1:39   0:00 
Matty Beniers            0  1  1   1  0   2  2  1  0  0  15/30  19:09   1:39   0:00 
Michael McCarron         0  0  0   0  0   1  0  0  0  0  4/8    13:43   0:00   3:47 
Morgan Geekie            0  0  0  -1  0   0  0  0  0  0  13/23  19:35   1:39   0:10 
Noel Gunler              0  0  0   0  0   0  0  0  0  0  0/0     6:18   0:00   0:00 
Rasmus Kupari            0  0  0  -1  0   2  0  0  0  0  0/3    18:28   0:42   0:00 
Riley Stillman           0  1  1   0  4   1  5  0  0  0  0/0    22:44   1:39   1:01 
Ty Dellandrea            1  0  1   0  0   4  2  0  0  0  3/10   20:20   0:00   3:57 
Ty Smith                 0  0  0  -1  2   0  1  1  0  0  0/0    18:25   0:42   0:00 
Tyson Jost               0  0  0   0  0   2  0  0  0  0  5/5    12:38   0:42   2:00 
Zac Jones                0  1  1   1  0   1  0  1  0  0  0/0    23:30   0:42   3:22 

Players Stats for Thunderbirds

Player Name              G  A  P  +/- PIM S  H  SB GA TA FO     MP     PP MP  PK MP  
------------------------------------------------------------------------------------
Aliaksei Protas          0  0  0   0  0   1  0  0  0  0  7/13   13:55   0:00   0:38 
Austin Wagner            0  0  0   0  2   1  3  0  0  0  0/1    15:47   2:31   0:00 
Cal Foote                1  0  1   1  0   2  1  0  0  0  0/0    19:48   0:00   1:05 
Dylan Gambrell           0  0  0   0  0   1  1  0  0  0  11/19  14:41   0:00   0:00 
Erik Brannstrom          0  1  1   0  0   3  1  1  0  0  0/0    22:13   2:59   1:16 
Fabian Zetterlund        0  0  0   0  0   0  0  0  0  0  2/2     4:44   0:00   0:00 
Jack Quinn               0  0  0  -1  0   1  3  0  0  0  0/0    20:27   3:26   0:00 
Klim Kostin              1  0  1   0  0   3  1  0  0  0  1/1    15:19   0:00   0:38 
Liam Foudy               0  0  0  -1  0   9  1  1  0  0  26/45  23:44   3:26   1:43 
Linden Vey               0  1  1   0  0   1  0  0  0  0  2/5    17:12   2:31   0:00 
Lukas Rousek             0  1  1   1  0   2  0  0  0  0  0/3    16:13   2:31   0:00 
Max Comtois              0  1  1   1  0   4  4  0  0  0  1/1     8:26   0:00   1:43 
Mikko Kokkonen           0  0  0   0  0   0  0  4  0  0  0/0    17:13   0:00   0:00 
Mirco Mueller            0  0  0  -1  0   2  0  3  0  0  0/0    19:50   2:59   1:05 
Ronnie Attard            0  0  0  -1  0   0  6  2  0  0  0/0    21:26   2:58   1:16 
Scott Reedy              0  0  0   0  0   1  0  0  0  0  0/0     4:44   0:00   0:00 
Simon Nemec              0  0  0   1  4   0  0  0  0  0  0/0    19:28   2:58   0:00 
Taylor Raddysh           0  0  0  -1  0   7  2  0  0  0  1/3    20:27   3:26   0:00 

3 Stars

1 - Kent Johnson (BEA)
2 - Laurent Brossoit (BEA)
3 - Ty Dellandrea (BEA)

Power Play

Bears - 1 on 2 Attempt(s) - 50,00%
Thunderbirds - 0 on 3 Attempt(s) - 0,00%

Penalty Kill

Bears - 3 on 3 Attempt(s) - 100,00% - Score 0 goal in Penalty Kill
Thunderbirds - 1 on 2 Attempt(s) - 50,00% - Score 0 goal in Penalty Kill

Team Stat

Bears - Hits : 18 - Faceoff Wins : 42 - Blocked Shots : 7 - Penalty Minutes : 8
Thunderbirds - Hits : 23 - Faceoff Wins : 51 - Blocked Shots : 11 - Penalty Minutes : 6

Official

Referees : Furman South and Kyle Rehman
Linesman : Kenneth Gates and Brent Colby

Game Notes

No Game Note

Finance

Level 1 -- Attendance: 2949 (98,30%) -- Ticket Income $126,807
Level 2 -- Attendance: 3993 (99,83%) -- Ticket Income $99,825
Total Attendance: 6942 (99,17%)
Total Ticket Income: $226,632
Other Income: $111,050
Total Income: $337,682

Bears

5 vs 5 Forward 
   Center                   Left Wing                Right Wing               Time % Phy DF OF 
 1 Matty Beniers            Kent Johnson             Jimmy Vesey              39     0   2  3  
 2 Morgan Geekie            Rasmus Kupari            Ty Dellandrea            37     0   2  3  
 3 Michael McCarron         Joe Veleno               Tyson Jost               16     0   2  3  
 4 Jiri Kulich              Boris Katchouk           Noel Gunler              8      1   3  1  

5 vs 5 Defense 
   Defense                  Defense                                           Time % Phy DF OF 
 1 Riley Stillman           Zac Jones                                         41     0   2  3  
 2 Ty Smith                 Juuso Valimaki                                    39     0   3  2  
 3 Jake Sanderson           Jordan Spence                                     14     0   4  1  
 4 Jake Sanderson           Jordan Spence                                     6      0   4  1  

PowerPlay Forward 
   Center                   Left Wing                Right Wing               Time % Phy DF OF 
 1 Matty Beniers            Kent Johnson             Morgan Geekie            56     0   0  5  
 2 Rasmus Kupari            Jimmy Vesey              Tyson Jost               44     0   0  5  

PowerPlay Defense
   Defense                  Defense                                           Time % Phy DF OF 
 1 Riley Stillman           Juuso Valimaki                                    55     0   1  4  
 2 Ty Smith                 Zac Jones                                         45     0   1  4  

Penalty Kill 4 Players Forward 
   Center                   Wing                     Time % Phy DF OF 
 1 Ty Dellandrea            Michael McCarron         55     0   5  0  
 2 Tyson Jost               Jimmy Vesey              45     0   5  0  

Penalty Kill 4 Players Defense
   Defense                  Defense                  Time % Phy DF OF 
 1 Riley Stillman           Juuso Valimaki           57     0   5  0  
 2 Zac Jones                Jake Sanderson           43     0   5  0  

Penalty Kill - 3 Players Forward 
   Forward                                           Time % Phy DF OF 
 1 Ty Dellandrea                                     60     0   5  0  
 2 Michael McCarron                                  40     0   5  0  

Penalty Kill - 3 Players Defense
   Defense                  Defense                  Time % Phy DF OF 
 1 Riley Stillman           Juuso Valimaki           55     0   5  0  
 2 Zac Jones                Jake Sanderson           45     0   5  0  

4 vs 4 Forward 
   Center                   Wing                     Time % Phy DF OF 
 1 Morgan Geekie            Rasmus Kupari            60     0   2  3  
 2 Matty Beniers            Kent Johnson             40     0   2  3  

4 vs 4 Defense
   Defense                  Defense                  Time % Phy DF OF 
 1 Ty Smith                 Juuso Valimaki           50     0   3  2  
 2 Riley Stillman           Zac Jones                50     0   3  2  

Last Minutes Offensive
   Center                   Left Wing                Right Wing               Defense                  Defense                  
   Matty Beniers            Tyson Jost               Morgan Geekie            Jake Sanderson           Riley Stillman           

Last Minutes Defensive
   Center                   Left Wing                Right Wing               Defense                  Defense                  
   Rasmus Kupari            Tyson Jost               Ty Dellandrea            Jake Sanderson           Riley Stillman           

Goaltenders
Starting : Laurent Brossoit         
Backup : Brian Elliott            

Extra Forwards
Normal : Rasmus Kupari, Jimmy Vesey, Morgan Geekie - PP : Morgan Geekie, Jiri Kulich - PK : Morgan Geekie
Extra Defensemen
Normal : Juuso Valimaki, Riley Stillman, Jake Sanderson - PP : Zac Jones - PK : Juuso Valimaki, Zac Jones
Penalty Shots
Morgan Geekie, Kent Johnson, Noel Gunler, Jimmy Vesey, Jiri Kulich
Custom OT Lines Forwards
Morgan Geekie, Kent Johnson, Rasmus Kupari, Joe Veleno, Jimmy Vesey, Matty Beniers, Ty Dellandrea, Jiri Kulich, Tyson Jost, 
Custom OT Lines Defensemen
Riley Stillman, Juuso Valimaki, Zac Jones, Ty Smith, Jake Sanderson

Scratches
Alexandre Carrier (Head Injury), Brayden Tracey (Healthy), Jeremy McKenna (Healthy), Ryan O'Rourke (Healthy), Philipp Kurashev (Bruised Left Shoulder Injury)
Alex Vlasic (Healthy), James Hamblin (Healthy), Sam Poulin (Healthy), Cole Kehler (Healthy), Yaroslav Askarov (Healthy)
Samuel Ersson (Healthy)

Thunderbirds

5 vs 5 Forward 
   Center                   Left Wing                Right Wing               Time % Phy DF OF 
 1 Liam Foudy               Jack Quinn               Taylor Raddysh           35     0   1  4  
 2 Dylan Gambrell           Klim Kostin              Linden Vey               29     0   3  2  
 3 Aliaksei Protas          Austin Wagner            Lukas Rousek             26     0   4  1  
 4 Fabian Zetterlund        Max Comtois              Scott Reedy              10     2   2  1  

5 vs 5 Defense 
   Defense                  Defense                                           Time % Phy DF OF 
 1 Erik Brannstrom          Cal Foote                                         35     0   3  2  
 2 Mirco Mueller            Ronnie Attard                                     29     1   2  2  
 3 Mikko Kokkonen           Simon Nemec                                       26     1   2  2  
 4 Mikko Kokkonen           Simon Nemec                                       10     1   2  2  

PowerPlay Forward 
   Center                   Left Wing                Right Wing               Time % Phy DF OF 
 1 Liam Foudy               Jack Quinn               Taylor Raddysh           53     0   0  5  
 2 Linden Vey               Lukas Rousek             Austin Wagner            47     0   0  5  

PowerPlay Defense
   Defense                  Defense                                           Time % Phy DF OF 
 1 Erik Brannstrom          Mirco Mueller                                     53     0   0  5  
 2 Simon Nemec              Ronnie Attard                                     47     0   0  5  

Penalty Kill 4 Players Forward 
   Center                   Wing                     Time % Phy DF OF 
 1 Liam Foudy               Max Comtois              60     1   2  2  
 2 Aliaksei Protas          Klim Kostin              40     1   2  2  

Penalty Kill 4 Players Defense
   Defense                  Defense                  Time % Phy DF OF 
 1 Mirco Mueller            Cal Foote                60     1   2  2  
 2 Ronnie Attard            Erik Brannstrom          40     1   2  2  

Penalty Kill - 3 Players Forward 
   Forward                                           Time % Phy DF OF 
 1 Dylan Gambrell                                    60     1   2  2  
 2 Aliaksei Protas                                   40     1   2  2  

Penalty Kill - 3 Players Defense
   Defense                  Defense                  Time % Phy DF OF 
 1 Mirco Mueller            Cal Foote                60     1   2  2  
 2 Ronnie Attard            Simon Nemec              40     1   2  2  

4 vs 4 Forward 
   Center                   Wing                     Time % Phy DF OF 
 1 Liam Foudy               Max Comtois              60     1   2  2  
 2 Fabian Zetterlund        Austin Wagner            40     1   2  2  

4 vs 4 Defense
   Defense                  Defense                  Time % Phy DF OF 
 1 Simon Nemec              Cal Foote                60     1   2  2  
 2 Mikko Kokkonen           Ronnie Attard            40     1   2  2  

Last Minutes Offensive
   Center                   Left Wing                Right Wing               Defense                  Defense                  
   Liam Foudy               Jack Quinn               Taylor Raddysh           Mirco Mueller            Erik Brannstrom          

Last Minutes Defensive
   Center                   Left Wing                Right Wing               Defense                  Defense                  
   Liam Foudy               Max Comtois              Dylan Gambrell           Erik Brannstrom          Mirco Mueller            

Goaltenders
Starting : Michael Hutchinson       
Backup : Pyotr Kochetkov          

Extra Forwards
Normal : Lukas Rousek, Max Comtois, Scott Reedy - PP : Klim Kostin, Dylan Gambrell - PK : Fabian Zetterlund
Extra Defensemen
Normal : Ronnie Attard, Mirco Mueller, Cal Foote - PP : Mikko Kokkonen - PK : Mikko Kokkonen, Simon Nemec
Penalty Shots
Liam Foudy, Jack Quinn, Lukas Rousek, Taylor Raddysh, Fabian Zetterlund
Custom OT Lines Forwards
Liam Foudy, Jack Quinn, Linden Vey, Taylor Raddysh, Dylan Gambrell, Lukas Rousek, Aliaksei Protas, Klim Kostin, Fabian Zetterlund, Austin Wagner
Custom OT Lines Defensemen
Erik Brannstrom, Mirco Mueller, Ronnie Attard, Mikko Kokkonen, Simon Nemec

Scratches
Lean Bergmann (Healthy), Phil Varone (Healthy), Jachym Kondelik (Healthy), Lukas Cormier (Healthy), Tuukka Tieksola (Healthy)
Layton Ahac (Healthy), Wyatte Wylie (Healthy), Ryan Merkley (Healthy), Riley Damiani (Healthy), Pavel Gogolev (Healthy)
Tomas Jurco (Healthy), Mark Friedman (Healthy), Cedric Pare (Healthy), Gage Goncalves (Healthy), Nathan Legare (Healthy)
Yan Kuznetsov (Healthy), Nick Cicek (Torn Left Knee Ligaments Injury), Taylor Ward (Healthy), Tim Berni (Healthy), Nolan Maier (Healthy)
Sebastian Cossa (Healthy), Collin Delia (Healthy), Tomas Sholl (Healthy)

% Time on Ice - Bears

Lines # - Real PCT - Wanted PCT - Time Play
Normal Forward
1 - 35% - 39% - 17:06
2 - 33% - 37% - 16:23
3 - 20% - 16% - 9:56
4 - 12% - 8% - 5:44
Normal Defense
1 - 37% - 41% - 17:57
2 - 36% - 39% - 17:29
3 - 20% - 14% - 9:54
4 - 8% - 6% - 3:49
PP Forward
1 - 70% - 56% - 1:39
2 - 30% - 44% - 0:42
PP Defense
1 - 70% - 55% - 1:39
2 - 30% - 45% - 0:42
PK Forward
1 - 66% - 55% - 3:57
2 - 34% - 45% - 2:00
PK Defense
1 - 71% - 57% - 4:13
2 - 29% - 43% - 1:44
PK3 Forward
1 - 0% - 60%
2 - 0% - 40%
PK3 Defense
1 - 0% - 55%
2 - 0% - 45%
44 Forward
1 - 80% - 60% - 1:35
2 - 20% - 40% - 0:24
44 Defense
1 - 41% - 50% - 0:49
2 - 59% - 50% - 1:10
Last Minute Offensive  - 0:00
Last Minute Defensive  - 0:34
Total
Forward - 60:00
Defense - 60:00

% Time on Ice - Thunderbirds

Lines # - Real PCT - Wanted PCT - Time Play
Normal Forward
1 - 34% - 35% - 17:01
2 - 30% - 29% - 14:41
3 - 27% - 26% - 13:17
4 - 10% - 10% - 4:44
Normal Defense
1 - 36% - 35% - 17:58
2 - 32% - 29% - 15:46
3 - 26% - 26% - 12:53
4 - 6% - 10% - 3:06
PP Forward
1 - 58% - 53% - 3:26
2 - 42% - 47% - 2:31
PP Defense
1 - 50% - 53% - 2:59
2 - 50% - 47% - 2:58
PK Forward
1 - 73% - 60% - 1:43
2 - 27% - 40% - 0:38
PK Defense
1 - 46% - 60% - 1:05
2 - 54% - 40% - 1:16
PK3 Forward
1 - 0% - 60%
2 - 0% - 40%
PK3 Defense
1 - 0% - 60%
2 - 0% - 40%
44 Forward
1 - 100% - 60% - 1:59
2 - 0% - 40% - 0:00
44 Defense
1 - 38% - 60% - 0:45
2 - 62% - 40% - 1:14
Last Minute Offensive  - 0:00
Last Minute Defensive  - 0:00
Total
Forward - 60:00
Defense - 60:00

Play-by-Play

1st period


0:01 of 1st period - Liam Foudy wins face-off versus Matty Beniers in neutral zone.
0:58 of 1st period - Shot by Ty Dellandrea.
0:58 of 1st period - Stopped by Michael Hutchinson without a rebound.
0:59 of 1st period - Michael McCarron wins face-off versus Dylan Gambrell in Thunderbirds zone.
1:35 of 1st period - Shot by Klim Kostin.
1:35 of 1st period - Stopped by Laurent Brossoit without a rebound.
1:36 of 1st period - Morgan Geekie wins face-off versus Aliaksei Protas in Bears zone.
2:08 of 1st period - Shot by Ty Dellandrea.
2:08 of 1st period - Shot Misses the Net.
2:40 of 1st period - Shot by Jiri Kulich.
2:40 of 1st period - Shot Misses the Net.
2:55 of 1st period - Off-side.
2:56 of 1st period - Matty Beniers wins face-off versus Dylan Gambrell in neutral zone.
3:01 of 1st period - Shot by Jimmy Vesey.
3:01 of 1st period - Stopped by Michael Hutchinson without a rebound.
3:02 of 1st period - Matty Beniers wins face-off versus Dylan Gambrell in Thunderbirds zone.
3:07 of 1st period - Shot by Kent Johnson.
3:07 of 1st period - Goal by Kent Johnson - Bears : 1 - Thunderbirds : 0.
3:08 of 1st period - Matty Beniers wins face-off versus Liam Foudy in neutral zone.
3:42 of 1st period - Shot by Taylor Raddysh.
3:42 of 1st period - Stopped by Laurent Brossoit without a rebound.
3:43 of 1st period - Morgan Geekie wins face-off versus Dylan Gambrell in Bears zone.
4:22 of 1st period - Minor Penalty to Simon Nemec for Slashing.
4:23 of 1st period - Liam Foudy wins face-off versus Matty Beniers in Thunderbirds zone.
4:48 of 1st period - Shot by Matty Beniers.
4:48 of 1st period - Stopped by Michael Hutchinson without a rebound.
4:49 of 1st period - Liam Foudy wins face-off versus Rasmus Kupari in Thunderbirds zone.
5:20 of 1st period - Icing by Jimmy Vesey.
5:21 of 1st period - Liam Foudy wins face-off versus Rasmus Kupari in Bears zone.
5:30 of 1st period - Shot by Zac Jones.
5:30 of 1st period - Stopped by Michael Hutchinson without a rebound.
5:31 of 1st period - Klim Kostin wins face-off versus Kent Johnson in Thunderbirds zone.
5:41 of 1st period - Juuso Valimaki is hit by Max Comtois.
5:53 of 1st period - Icing by Juuso Valimaki.
5:54 of 1st period - Aliaksei Protas wins face-off versus Matty Beniers in Bears zone.
6:02 of 1st period - Icing by Riley Stillman.
6:03 of 1st period - Liam Foudy wins face-off versus Matty Beniers in Bears zone.
6:45 of 1st period - Shot by Michael McCarron.
6:45 of 1st period - Shot Blocked by Mikko Kokkonen.
6:47 of 1st period - Shot by Michael McCarron.
6:47 of 1st period - Shot Misses the Net.
6:49 of 1st period - Shot by Michael McCarron.
6:49 of 1st period - Shot Misses the Net.
6:51 of 1st period - Shot by Joe Veleno.
6:51 of 1st period - Shot Misses the Net.
7:01 of 1st period - Shot by Tyson Jost.
7:01 of 1st period - Stopped by Michael Hutchinson with a rebound.
7:03 of 1st period - Shot by Tyson Jost.
7:03 of 1st period - Shot Blocked by Mikko Kokkonen.
7:05 of 1st period - Shot by Jake Sanderson.
7:05 of 1st period - Shot Blocked by Mikko Kokkonen.
7:26 of 1st period - Shot by Jiri Kulich.
7:26 of 1st period - Stopped by Michael Hutchinson without a rebound.
7:27 of 1st period - Liam Foudy wins face-off versus Matty Beniers in Thunderbirds zone.
7:27 of 1st period - Liam Foudy is hit by Matty Beniers.
7:47 of 1st period - Shot by Taylor Raddysh.
7:47 of 1st period - Shot Misses the Net.
7:48 of 1st period - Minor Penalty to Riley Stillman for Elbowing.
7:49 of 1st period - Ty Dellandrea wins face-off versus Liam Foudy in Bears zone.
7:57 of 1st period - Icing by Liam Foudy.
7:58 of 1st period - Liam Foudy wins face-off versus Ty Dellandrea in Thunderbirds zone.
8:15 of 1st period - Tyson Jost is hit by Taylor Raddysh and loses puck.
8:27 of 1st period - Icing by Erik Brannstrom.
8:28 of 1st period - Liam Foudy wins face-off versus Ty Dellandrea in Thunderbirds zone.
8:28 of 1st period - Liam Foudy is hit by Ty Dellandrea.
8:34 of 1st period - Shot by Mirco Mueller.
8:34 of 1st period - Shot Misses the Net.
8:36 of 1st period - Shot by Taylor Raddysh.
8:36 of 1st period - Stopped by Laurent Brossoit with a rebound.
8:38 of 1st period - Shot by Erik Brannstrom.
8:38 of 1st period - Stopped by Laurent Brossoit without a rebound.
8:39 of 1st period - Linden Vey wins face-off versus Ty Dellandrea in Bears zone.
8:54 of 1st period - Shot by Linden Vey.
8:54 of 1st period - Stopped by Laurent Brossoit without a rebound.
8:55 of 1st period - Tyson Jost wins face-off versus Linden Vey in Bears zone.
8:55 of 1st period - Tyson Jost is hit by Austin Wagner.
9:46 of 1st period - Icing by Liam Foudy.
9:47 of 1st period - Liam Foudy wins face-off versus Ty Dellandrea in Thunderbirds zone.
9:54 of 1st period - Boris Katchouk is hit by Max Comtois.
9:59 of 1st period - Zac Jones is hit by Cal Foote and loses puck.
10:13 of 1st period - Shot by Fabian Zetterlund.
10:13 of 1st period - Shot Misses the Net.
10:15 of 1st period - Shot by Cal Foote.
10:15 of 1st period - Stopped by Laurent Brossoit without a rebound.
10:16 of 1st period - Morgan Geekie wins face-off versus Taylor Raddysh in Bears zone.
10:29 of 1st period - Shot by Taylor Raddysh.
10:29 of 1st period - Stopped by Laurent Brossoit with a rebound.
10:45 of 1st period - Shot by Taylor Raddysh.
10:45 of 1st period - Stopped by Laurent Brossoit without a rebound.
10:46 of 1st period - Aliaksei Protas wins face-off versus Matty Beniers in Bears zone.
10:59 of 1st period - Shot by Matty Beniers.
10:59 of 1st period - Shot Misses the Net.
11:35 of 1st period - Austin Wagner is hit by Ty Smith.
12:42 of 1st period - Morgan Geekie is hit by Ronnie Attard and loses puck.
13:35 of 1st period - Jake Sanderson is hit by Max Comtois and loses puck.
13:47 of 1st period - Icing by Erik Brannstrom.
13:48 of 1st period - Fabian Zetterlund wins face-off versus Jiri Kulich in Thunderbirds zone.
13:48 of 1st period - Fabian Zetterlund is hit by Jiri Kulich.
14:48 of 1st period - Shot by Matty Beniers.
14:48 of 1st period - Shot Misses the Net.
14:50 of 1st period - Shot by Jimmy Vesey.
14:50 of 1st period - Stopped by Michael Hutchinson with a rebound.
14:52 of 1st period - Shot by Jimmy Vesey.
14:52 of 1st period - Stopped by Michael Hutchinson without a rebound.
14:53 of 1st period - Morgan Geekie wins face-off versus Liam Foudy in Thunderbirds zone.
15:06 of 1st period - Shot by Ty Dellandrea.
15:06 of 1st period - Shot Blocked by Mirco Mueller.
15:08 of 1st period - Shot by Ty Dellandrea.
15:08 of 1st period - Shot Misses the Net.
15:10 of 1st period - Shot by Zac Jones.
15:10 of 1st period - Shot Blocked by Ronnie Attard.
15:28 of 1st period - Shot by Ty Dellandrea.
15:28 of 1st period - Shot Misses the Net.
15:30 of 1st period - Shot by Ty Dellandrea.
15:30 of 1st period - Stopped by Michael Hutchinson without a rebound.
15:31 of 1st period - Matty Beniers wins face-off versus Dylan Gambrell in Thunderbirds zone.
16:45 of 1st period - Shot by Austin Wagner.
16:45 of 1st period - Stopped by Laurent Brossoit without a rebound.
16:46 of 1st period - Morgan Geekie wins face-off versus Liam Foudy in Bears zone.
16:46 of 1st period - Ty Smith is hit by Jack Quinn and loses puck.
16:56 of 1st period - Ty Smith is hit by Jack Quinn and loses puck.
18:09 of 1st period - Juuso Valimaki is hit by Austin Wagner and loses puck.
19:54 of 1st period - Off-side.
19:55 of 1st period - Liam Foudy wins face-off versus Jiri Kulich in neutral zone.
Goals for this period are 1 for Bears vs 0 for Thunderbirds.
Shots for this period are 10 for Bears vs 9 for Thunderbirds.

2nd period


0:01 of 2nd period - Matty Beniers wins face-off versus Taylor Raddysh in neutral zone.
0:04 of 2nd period - Shot by Kent Johnson.
0:04 of 2nd period - Stopped by Michael Hutchinson without a rebound.
0:05 of 2nd period - Liam Foudy wins face-off versus Matty Beniers in Thunderbirds zone.
0:09 of 2nd period - Cal Foote is hit by Matty Beniers and loses puck.
0:20 of 2nd period - Shot by Taylor Raddysh.
0:20 of 2nd period - Shot Misses the Net.
0:43 of 2nd period - Liam Foudy is hit by Riley Stillman and loses puck.
0:55 of 2nd period - Icing by Riley Stillman.
0:56 of 2nd period - Matty Beniers wins face-off versus Aliaksei Protas in Bears zone.
1:34 of 2nd period - Morgan Geekie is hit by Ronnie Attard and loses puck.
2:05 of 2nd period - Shot by Jake Sanderson.
2:05 of 2nd period - Shot Misses the Net.
2:15 of 2nd period - Shot by Michael McCarron.
2:15 of 2nd period - Stopped by Michael Hutchinson with a rebound.
2:21 of 2nd period - Shot by Tyson Jost.
2:21 of 2nd period - Stopped by Michael Hutchinson without a rebound.
2:22 of 2nd period - Jiri Kulich wins face-off versus Liam Foudy in Thunderbirds zone.
2:26 of 2nd period - Jiri Kulich is hit by Erik Brannstrom and loses puck.
2:44 of 2nd period - Shot by Liam Foudy.
2:44 of 2nd period - Stopped by Laurent Brossoit without a rebound.
2:45 of 2nd period - Dylan Gambrell wins face-off versus Matty Beniers in Bears zone.
2:54 of 2nd period - Shot by Dylan Gambrell.
2:54 of 2nd period - Shot Misses the Net.
3:13 of 2nd period - Off-side.
3:14 of 2nd period - Liam Foudy wins face-off versus Morgan Geekie in neutral zone.
3:34 of 2nd period - Shot by Morgan Geekie.
3:34 of 2nd period - Shot Misses the Net.
3:36 of 2nd period - Shot by Zac Jones.
3:36 of 2nd period - Shot Blocked by Erik Brannstrom.
3:38 of 2nd period - Shot by Rasmus Kupari.
3:38 of 2nd period - Stopped by Michael Hutchinson without a rebound.
3:39 of 2nd period - Matty Beniers wins face-off versus Aliaksei Protas in Thunderbirds zone.
3:40 of 2nd period - Shot by Kent Johnson.
3:40 of 2nd period - Shot Blocked by Mirco Mueller.
3:55 of 2nd period - Icing by Juuso Valimaki.
3:56 of 2nd period - Liam Foudy wins face-off versus Matty Beniers in Bears zone.
4:16 of 2nd period - Icing by Matty Beniers.
4:17 of 2nd period - Dylan Gambrell wins face-off versus Jimmy Vesey in Bears zone.
4:36 of 2nd period - Shot by Klim Kostin.
4:36 of 2nd period - Shot Misses the Net.
4:38 of 2nd period - Shot by Dylan Gambrell.
4:38 of 2nd period - Shot Blocked by Ty Smith.
5:10 of 2nd period - Shot by Liam Foudy.
5:10 of 2nd period - Stopped by Laurent Brossoit with a rebound.
5:14 of 2nd period - Shot by Jack Quinn.
5:14 of 2nd period - Shot Misses the Net.
5:16 of 2nd period - Shot by Taylor Raddysh.
5:16 of 2nd period - Shot Blocked by Matty Beniers.
5:18 of 2nd period - Shot by Liam Foudy.
5:18 of 2nd period - Shot Misses the Net.
5:20 of 2nd period - Shot by Jack Quinn.
5:20 of 2nd period - Shot Misses the Net.
5:22 of 2nd period - Shot by Taylor Raddysh.
5:22 of 2nd period - Stopped by Laurent Brossoit without a rebound.
5:23 of 2nd period - Morgan Geekie wins face-off versus Aliaksei Protas in Bears zone.
6:02 of 2nd period - Shot by Lukas Rousek.
6:02 of 2nd period - Stopped by Laurent Brossoit without a rebound.
6:03 of 2nd period - Michael McCarron wins face-off versus Liam Foudy in Bears zone.
6:19 of 2nd period - Icing by Mikko Kokkonen.
6:20 of 2nd period - Liam Foudy wins face-off versus Jiri Kulich in Thunderbirds zone.
6:20 of 2nd period - Liam Foudy is hit by Boris Katchouk.
6:46 of 2nd period - Shot by Jack Quinn.
6:46 of 2nd period - Shot Misses the Net.
6:48 of 2nd period - Shot by Liam Foudy.
6:48 of 2nd period - Stopped by Laurent Brossoit without a rebound.
6:49 of 2nd period - Dylan Gambrell wins face-off versus Morgan Geekie in Bears zone.
8:02 of 2nd period - Matty Beniers is hit by Ronnie Attard and loses puck.
8:15 of 2nd period - Shot by Kent Johnson.
8:15 of 2nd period - Stopped by Michael Hutchinson without a rebound.
8:16 of 2nd period - Joe Veleno wins face-off versus Liam Foudy in Thunderbirds zone.
8:39 of 2nd period - Shot by Liam Foudy.
8:39 of 2nd period - Shot Blocked by Jake Sanderson.
10:34 of 2nd period - Icing by Mirco Mueller.
10:35 of 2nd period - Dylan Gambrell wins face-off versus Jiri Kulich in Thunderbirds zone.
10:49 of 2nd period - Dylan Gambrell is hit by Jordan Spence and loses puck.
11:06 of 2nd period - Shot by Linden Vey.
11:06 of 2nd period - Shot Misses the Net.
11:20 of 2nd period - Max Comtois is hit by Boris Katchouk and loses puck.
11:34 of 2nd period - Fabian Zetterlund is hit by Jordan Spence.
11:45 of 2nd period - Shot by Erik Brannstrom.
11:45 of 2nd period - Stopped by Laurent Brossoit with a rebound.
12:26 of 2nd period - Shot by Lukas Rousek.
12:26 of 2nd period - Shot Blocked by Jiri Kulich.
12:30 of 2nd period - Shot by Aliaksei Protas.
12:30 of 2nd period - Stopped by Laurent Brossoit without a rebound.
12:31 of 2nd period - Liam Foudy wins face-off versus Morgan Geekie in Bears zone.
12:53 of 2nd period - Off-side.
12:54 of 2nd period - Matty Beniers wins face-off versus Dylan Gambrell in neutral zone.
13:04 of 2nd period - Icing by Cal Foote.
13:05 of 2nd period - Dylan Gambrell wins face-off versus Morgan Geekie in Thunderbirds zone.
13:07 of 2nd period - Icing by Erik Brannstrom.
13:08 of 2nd period - Matty Beniers wins face-off versus Dylan Gambrell in Thunderbirds zone.
14:07 of 2nd period - Icing by Taylor Raddysh.
14:08 of 2nd period - Liam Foudy wins face-off versus Morgan Geekie in Thunderbirds zone.
14:08 of 2nd period - Taylor Raddysh is hit by Ty Dellandrea.
14:49 of 2nd period - Liam Foudy is hit by Juuso Valimaki and loses puck.
14:59 of 2nd period - Minor Penalty to Austin Wagner for Roughing.
14:59 of 2nd period - Minor Penalty to Ty Smith for Holding.
15:00 of 2nd period - Liam Foudy wins face-off versus Jimmy Vesey in Bears zone.
15:11 of 2nd period - Shot by Max Comtois.
15:11 of 2nd period - Stopped by Laurent Brossoit without a rebound.
15:12 of 2nd period - Morgan Geekie wins face-off versus Liam Foudy in Bears zone.
15:19 of 2nd period - Shot by Max Comtois.
15:19 of 2nd period - Stopped by Laurent Brossoit without a rebound.
15:20 of 2nd period - Max Comtois wins face-off versus Rasmus Kupari in Bears zone.
15:25 of 2nd period - Shot by Liam Foudy.
15:25 of 2nd period - Stopped by Laurent Brossoit with a rebound.
15:27 of 2nd period - Shot by Mikko Kokkonen.
15:27 of 2nd period - Shot Misses the Net.
15:35 of 2nd period - Shot by Liam Foudy.
15:35 of 2nd period - Stopped by Laurent Brossoit without a rebound.
15:36 of 2nd period - Morgan Geekie wins face-off versus Lukas Rousek in Bears zone.
15:43 of 2nd period - Max Comtois is hit by Riley Stillman and loses puck.
15:50 of 2nd period - Shot by Max Comtois.
15:50 of 2nd period - Deflect By Lukas Rousek.
15:50 of 2nd period - Shot Misses the Net.
15:52 of 2nd period - Shot by Max Comtois.
15:52 of 2nd period - Shot Misses the Net.
15:54 of 2nd period - Shot by Simon Nemec.
15:54 of 2nd period - Shot Misses the Net.
15:56 of 2nd period - Shot by Lukas Rousek.
15:56 of 2nd period - Shot Misses the Net.
15:58 of 2nd period - Shot by Max Comtois.
15:58 of 2nd period - Shot Misses the Net.
16:00 of 2nd period - Shot by Cal Foote.
16:00 of 2nd period - Goal by Cal Foote - Bears : 1 - Thunderbirds : 1.
16:01 of 2nd period - Matty Beniers wins face-off versus Liam Foudy in neutral zone.
16:17 of 2nd period - Icing by Mikko Kokkonen.
16:18 of 2nd period - Liam Foudy wins face-off versus Morgan Geekie in Thunderbirds zone.
16:23 of 2nd period - Rasmus Kupari is hit by Max Comtois and loses puck.
16:36 of 2nd period - Shot by Liam Foudy.
16:36 of 2nd period - Shot Misses the Net.
16:51 of 2nd period - Icing by Max Comtois.
16:52 of 2nd period - Matty Beniers wins face-off versus Liam Foudy in Thunderbirds zone.
16:58 of 2nd period - Icing by Max Comtois.
16:59 of 2nd period - Aliaksei Protas wins face-off versus Matty Beniers in Thunderbirds zone.
17:19 of 2nd period - Shot by Jimmy Vesey.
17:19 of 2nd period - Stopped by Michael Hutchinson without a rebound.
17:20 of 2nd period - Dylan Gambrell wins face-off versus Michael McCarron in Thunderbirds zone.
17:36 of 2nd period - Icing by Riley Stillman.
17:37 of 2nd period - Michael McCarron wins face-off versus Aliaksei Protas in Bears zone.
18:59 of 2nd period - Shot by Liam Foudy.
18:59 of 2nd period - Stopped by Laurent Brossoit without a rebound.
19:00 of 2nd period - Dylan Gambrell wins face-off versus Morgan Geekie in Bears zone.
19:33 of 2nd period - Shot by Klim Kostin.
19:33 of 2nd period - Shot Misses the Net.
19:35 of 2nd period - Shot by Klim Kostin.
19:35 of 2nd period - Shot Misses the Net.
19:37 of 2nd period - Shot by Dylan Gambrell.
19:37 of 2nd period - Shot Misses the Net.
Goals for this period are 0 for Bears vs 1 for Thunderbirds.
Shots for this period are 6 for Bears vs 13 for Thunderbirds.

3rd period


0:01 of 3rd period - Matty Beniers wins face-off versus Liam Foudy in neutral zone.
0:24 of 3rd period - Shot by Matty Beniers.
0:24 of 3rd period - Stopped by Michael Hutchinson without a rebound.
0:25 of 3rd period - Dylan Gambrell wins face-off versus Morgan Geekie in Thunderbirds zone.
0:46 of 3rd period - Morgan Geekie is hit by Klim Kostin and loses puck.
0:55 of 3rd period - Shot by Erik Brannstrom.
0:55 of 3rd period - Deflect By Klim Kostin.
0:55 of 3rd period - Goal by Klim Kostin - Bears : 1 - Thunderbirds : 2.
0:56 of 3rd period - Liam Foudy wins face-off versus Matty Beniers in neutral zone.
0:56 of 3rd period - Liam Foudy is hit by Jimmy Vesey.
1:04 of 3rd period - Shot by Jack Quinn.
1:04 of 3rd period - Shot Misses the Net.
1:06 of 3rd period - Shot by Liam Foudy.
1:06 of 3rd period - Stopped by Laurent Brossoit without a rebound.
1:07 of 3rd period - Aliaksei Protas wins face-off versus Michael McCarron in Bears zone.
1:21 of 3rd period - Austin Wagner is hit by Riley Stillman and loses puck.
1:25 of 3rd period - Icing by Riley Stillman.
1:26 of 3rd period - Liam Foudy wins face-off versus Joe Veleno in Bears zone.
1:26 of 3rd period - Mirco Mueller is hit by Riley Stillman and loses puck.
1:36 of 3rd period - Taylor Raddysh is hit by Riley Stillman and loses puck.
1:38 of 3rd period - Minor Penalty to Riley Stillman for High sticking.
1:39 of 3rd period - Linden Vey wins face-off versus Ty Dellandrea in Bears zone.
1:46 of 3rd period - Shot by Erik Brannstrom.
1:46 of 3rd period - Stopped by Laurent Brossoit without a rebound.
1:47 of 3rd period - Ty Dellandrea wins face-off versus Liam Foudy in Bears zone.
1:47 of 3rd period - Ty Dellandrea is hit by Jack Quinn.
2:07 of 3rd period - Shot by Taylor Raddysh.
2:07 of 3rd period - Shot Misses the Net.
2:09 of 3rd period - Shot by Jack Quinn.
2:09 of 3rd period - Stopped by Laurent Brossoit without a rebound.
2:10 of 3rd period - Tyson Jost wins face-off versus Austin Wagner in Bears zone.
2:10 of 3rd period - Tyson Jost is hit by Austin Wagner.
2:44 of 3rd period - Shot by Mirco Mueller.
2:44 of 3rd period - Stopped by Laurent Brossoit without a rebound.
2:45 of 3rd period - Tyson Jost wins face-off versus Liam Foudy in Bears zone.
3:15 of 3rd period - Taylor Raddysh is hit by Jake Sanderson and loses puck.
3:52 of 3rd period - Shot by Riley Stillman.
3:52 of 3rd period - Stopped by Michael Hutchinson without a rebound.
3:53 of 3rd period - Matty Beniers wins face-off versus Dylan Gambrell in Thunderbirds zone.
4:59 of 3rd period - Ty Smith is hit by Dylan Gambrell and loses puck.
5:20 of 3rd period - Icing by Ty Dellandrea.
5:21 of 3rd period - Morgan Geekie wins face-off versus Lukas Rousek in Bears zone.
5:23 of 3rd period - Icing by Juuso Valimaki.
5:24 of 3rd period - Morgan Geekie wins face-off versus Liam Foudy in Bears zone.
5:29 of 3rd period - Shot by Juuso Valimaki.
5:29 of 3rd period - Stopped by Michael Hutchinson without a rebound.
5:30 of 3rd period - Matty Beniers wins face-off versus Liam Foudy in Thunderbirds zone.
6:05 of 3rd period - Off-side.
6:06 of 3rd period - Aliaksei Protas wins face-off versus Michael McCarron in neutral zone.
6:32 of 3rd period - Icing by Lukas Rousek.
6:33 of 3rd period - Morgan Geekie wins face-off versus Aliaksei Protas in Thunderbirds zone.
6:36 of 3rd period - Shot by Rasmus Kupari.
6:36 of 3rd period - Stopped by Michael Hutchinson with a rebound.
6:38 of 3rd period - Shot by Ty Dellandrea.
6:38 of 3rd period - Stopped by Michael Hutchinson without a rebound.
6:39 of 3rd period - Taylor Raddysh wins face-off versus Matty Beniers in Thunderbirds zone.
8:22 of 3rd period - Shot by Jake Sanderson.
8:22 of 3rd period - Shot Blocked by Mikko Kokkonen.
8:50 of 3rd period - Shot by Erik Brannstrom.
8:50 of 3rd period - Shot Misses the Net.
8:51 of 3rd period - Minor Penalty to Jordan Spence for Holding.
8:52 of 3rd period - Ty Dellandrea wins face-off versus Liam Foudy in Bears zone.
8:52 of 3rd period - Ty Dellandrea is hit by Taylor Raddysh.
8:59 of 3rd period - Icing by Taylor Raddysh.
9:00 of 3rd period - Liam Foudy wins face-off versus Ty Dellandrea in Thunderbirds zone.
9:21 of 3rd period - Shot by Erik Brannstrom.
9:21 of 3rd period - Shot Misses the Net.
9:23 of 3rd period - Shot by Mirco Mueller.
9:23 of 3rd period - Stopped by Laurent Brossoit without a rebound.
9:24 of 3rd period - Tyson Jost wins face-off versus Linden Vey in Bears zone.
10:29 of 3rd period - Icing by Liam Foudy.
10:30 of 3rd period - Liam Foudy wins face-off versus Ty Dellandrea in Thunderbirds zone.
10:49 of 3rd period - Shot by Taylor Raddysh.
10:49 of 3rd period - Stopped by Laurent Brossoit without a rebound.
10:50 of 3rd period - Tyson Jost wins face-off versus Linden Vey in Bears zone.
10:54 of 3rd period - Off-side.
10:55 of 3rd period - Fabian Zetterlund wins face-off versus Matty Beniers in neutral zone.
10:58 of 3rd period - Shot by Max Comtois.
10:58 of 3rd period - Stopped by Laurent Brossoit with a rebound.
11:00 of 3rd period - Shot by Fabian Zetterlund.
11:00 of 3rd period - Shot Blocked by Juuso Valimaki.
11:04 of 3rd period - Shot by Fabian Zetterlund.
11:04 of 3rd period - Shot Misses the Net.
11:06 of 3rd period - Shot by Scott Reedy.
11:06 of 3rd period - Stopped by Laurent Brossoit with a rebound.
11:08 of 3rd period - Shot by Max Comtois.
11:08 of 3rd period - Shot Misses the Net.
11:10 of 3rd period - Shot by Max Comtois.
11:10 of 3rd period - Stopped by Laurent Brossoit without a rebound.
11:11 of 3rd period - Liam Foudy wins face-off versus Jiri Kulich in Bears zone.
11:14 of 3rd period - Shot by Liam Foudy.
11:14 of 3rd period - Shot Misses the Net.
11:30 of 3rd period - Shot by Taylor Raddysh.
11:30 of 3rd period - Stopped by Laurent Brossoit without a rebound.
11:31 of 3rd period - Dylan Gambrell wins face-off versus Jimmy Vesey in Bears zone.
11:38 of 3rd period - Shot by Klim Kostin.
11:38 of 3rd period - Deflect By Linden Vey.
11:38 of 3rd period - Shot Blocked by Juuso Valimaki.
11:40 of 3rd period - Shot by Klim Kostin.
11:40 of 3rd period - Shot Misses the Net.
11:42 of 3rd period - Shot by Klim Kostin.
11:42 of 3rd period - Stopped by Laurent Brossoit without a rebound.
11:43 of 3rd period - Liam Foudy wins face-off versus Morgan Geekie in Bears zone.
12:02 of 3rd period - Shot by Liam Foudy.
12:02 of 3rd period - Stopped by Laurent Brossoit without a rebound.
12:03 of 3rd period - Dylan Gambrell wins face-off versus Matty Beniers in Bears zone.
12:24 of 3rd period - Shot by Dylan Gambrell.
12:24 of 3rd period - Stopped by Laurent Brossoit without a rebound.
12:25 of 3rd period - Morgan Geekie wins face-off versus Liam Foudy in Bears zone.
12:40 of 3rd period - Shot by Erik Brannstrom.
12:40 of 3rd period - Shot Blocked by Zac Jones.
12:42 of 3rd period - Shot by Liam Foudy.
12:42 of 3rd period - Stopped by Laurent Brossoit without a rebound.
12:43 of 3rd period - Matty Beniers wins face-off versus Lukas Rousek in Bears zone.
13:00 of 3rd period - Shot by Matty Beniers.
13:00 of 3rd period - Shot Misses the Net.
13:02 of 3rd period - Shot by Matty Beniers.
13:02 of 3rd period - Deflect By Kent Johnson.
13:02 of 3rd period - Stopped by Michael Hutchinson without a rebound.
13:03 of 3rd period - Liam Foudy wins face-off versus Morgan Geekie in Thunderbirds zone.
13:34 of 3rd period - Shot by Taylor Raddysh.
13:34 of 3rd period - Shot Misses the Net.
13:40 of 3rd period - Shot by Liam Foudy.
13:40 of 3rd period - Shot Misses the Net.
14:08 of 3rd period - Shot by Jimmy Vesey.
14:08 of 3rd period - Shot Misses the Net.
14:16 of 3rd period - Shot by Matty Beniers.
14:16 of 3rd period - Deflect By Kent Johnson.
14:16 of 3rd period - Shot Misses the Net.
14:28 of 3rd period - Shot by Matty Beniers.
14:28 of 3rd period - Shot Blocked by Mirco Mueller.
14:30 of 3rd period - Shot by Juuso Valimaki.
14:30 of 3rd period - Shot Misses the Net.
14:57 of 3rd period - Icing by Jake Sanderson.
14:58 of 3rd period - Aliaksei Protas wins face-off versus Michael McCarron in Bears zone.
15:20 of 3rd period - Minor Penalty to Simon Nemec for Hooking.
15:21 of 3rd period - Liam Foudy wins face-off versus Kent Johnson in Thunderbirds zone.
15:38 of 3rd period - Shot by Juuso Valimaki.
15:38 of 3rd period - Shot Blocked by Liam Foudy.
15:40 of 3rd period - Shot by Riley Stillman.
15:40 of 3rd period - Shot Blocked by Ronnie Attard.
15:42 of 3rd period - Shot by Juuso Valimaki.
15:42 of 3rd period - Goal by Juuso Valimaki - Bears : 2 - Thunderbirds : 2.
15:43 of 3rd period - Aliaksei Protas wins face-off versus Jiri Kulich in neutral zone.
15:52 of 3rd period - Shot by Lukas Rousek.
15:52 of 3rd period - Stopped by Laurent Brossoit without a rebound.
15:53 of 3rd period - Morgan Geekie wins face-off versus Liam Foudy in Bears zone.
15:53 of 3rd period - Ty Dellandrea is hit by Liam Foudy and loses puck.
16:08 of 3rd period - Shot by Ty Dellandrea.
16:08 of 3rd period - Goal by Ty Dellandrea - Bears : 3 - Thunderbirds : 2.
16:09 of 3rd period - Dylan Gambrell wins face-off versus Matty Beniers in neutral zone.
16:46 of 3rd period - Jimmy Vesey is hit by Ronnie Attard and loses puck.
17:08 of 3rd period - Off-side.
17:09 of 3rd period - Michael McCarron wins face-off versus Liam Foudy in neutral zone.
19:31 of 3rd period - Thunderbirds, Michael Hutchinson is pulled from the net.
19:44 of 3rd period - Riley Stillman is hit by Ronnie Attard and loses puck.
19:50 of 3rd period - Noel Gunler is hit by Ronnie Attard and loses puck.
Goals for this period are 2 for Bears vs 1 for Thunderbirds.
Shots for this period are 8 for Bears vs 16 for Thunderbirds.